 Dungeon Crawl Stone Soup version 0.27.1-34-g3ba077fa99 (webtiles) character file.

Game seed: 1486090396002376682

548835 raph the Ruinous (level 25, -3/202 HPs)
             Began as a White Draconian Conjurer on Jan 22, 2022.
             Was an Elder of Sif Muna.
             Slain by a rockslime (20 damage)
             ... on level 5 of the Pits of Slime on Jan 23, 2022.
             The game lasted 03:49:36 (127143 turns).

raph the Ruinous (White Draconian Conjurer)       Turns: 127143, Time: 03:49:36

Health: -3/202     AC: 24    Str: 12      XL:     25   Next: 49%
Magic:  12/43      EV: 15    Int: 29 (30) God:    Sif Muna [****..]
Gold:   1821       SH:  7    Dex:  8 (9)  Spells: 0/56 levels left

rFire    + . .     SeeInvis .   a - staff of conjuration
rCold    + . .     Faith    .   d - +3 buckler {reflect}
rNeg     . . .     Spirit   .   (armour unavailable)
rPois    .         Reflect  +   (helmet restricted)
rElec    .         Harm     .   V - +2 cloak {Will+}
rCorr    +         Rampage  .   P - +2 pair of gloves "Mulyituk" {MP+9}
Will     ++++.                  U - +1 pair of boots
Stlth    +++++.....             S - amulet of Tegourch {Acrobat rF+ Will++ Int+3}
HPRegen  0.43/turn              z - +4 ring of protection
MPRegen  0.28/turn              c - ring of resist corrosion

@: unable to read, studying 2 skills, invisible
A: breathe frost, AC +12, unfitting armour, cold resistance 1, cold-blooded,
clumsy 1, deterioration 1, frail 1, low mp 2, inability to read while threatened
}: 2/15 runes: barnacled, gossamer
a: Breathe Frost, Renounce Religion, Channel Magic, Forget Spell, Divine
Exegesis


You were on level 5 of the Pits of Slime.
You worshipped Sif Muna.
Sif Muna was greatly pleased with you.
You visited 11 branches of the dungeon, and saw 50 of its levels.
You also visited: Sewer and Ossuary.

You collected 6540 gold pieces.
You spent 4719 gold pieces at shops.

Inventory:

Hand Weapons
 b - the +11 morningstar of Suicidal Tendencies {vorpal, rPois MP+9 Int+4}
   (You found it on level 5 of the Depths)

   It inflicts extra damage upon your enemies.
   Int:       It affects your intelligence (+4).
   rPois:     It protects you from poison.
   MP:        It affects your magic capacity (+9).
 W - a +1 quick blade of draining
Missiles
 x - 5 silver boomerangs
 Z - 4 throwing nets
Armour
 d - a +3 buckler of reflection (worn)
 m - a +1 buckler of fire resistance
 P - the +2 pair of gloves "Mulyituk" (worn) {MP+9}
   (You found it on level 4 of the Shoals)

   MP:        It affects your magic capacity (+9).
 U - a +1 pair of boots (worn)
 V - a +2 cloak of willpower (worn)
Magical Staves
 a - a staff of conjuration (weapon)
Jewellery
 c - a ring of resist corrosion (right hand)
 h - the ring "Koysmoj" {rPois EV+4 Stlth+}
   (You bought it in a shop on level 3 of the Vaults)

   [ring of evasion]

   EV:        It affects your evasion (+4).
   rPois:     It protects you from poison.
   Stlth:     It makes you more stealthy.
 r - a ring of see invisible
 z - a +4 ring of protection (left hand)
 E - a ring of protection from fire
 R - the ring of Behiboss {rC+ Will- Int+2 Dex+4}
   (You took it off a deep elf death mage on level 3 of the Elven Halls)

   [ring of protection from cold]

   Int:       It affects your intelligence (+2).
   Dex:       It affects your dexterity (+4).
   rC:        It protects you from cold.
   Will:      It decreases your willpower.
 S - the amulet of Tegourch (around neck) {Acrobat rF+ Will++ Int+3}
   (You acquired it on level 12 of the Dungeon)

   [amulet of the acrobat]

   It increases your evasion while moving and waiting.
   Int:       It affects your intelligence (+3).
   rF:        It protects you from fire.
   Will:      It greatly increases your willpower.
Wands
 l - a wand of charming (11)
 p - a wand of mindburst (35)
 q - a wand of paralysis (30)
 v - a wand of acid (35)
 y - a wand of flame (96)
 L - a wand of digging (6)
 X - a wand of iceblast (30)
Scrolls
 g - 21 scrolls of teleportation
 k - 9 scrolls of amnesia
 n - a scroll of magic mapping
 s - a scroll of holy word
 w - 22 scrolls of identify
 A - 5 scrolls of fear
 J - 2 scrolls of blinking
 M - a scroll of fog
 O - a scroll of summoning
 T - 3 scrolls of silence
Potions
 e - 11 potions of curing
 f - 5 potions of brilliance
 i - a potion of heal wounds
 j - 7 potions of mutation
 o - 3 potions of resistance
 t - 5 potions of magic
 u - 4 potions of cancellation
 F - 9 potions of haste
 H - a potion of invisibility
 K - 6 potions of ambrosia
 N - 3 potions of berserk rage
 Q - 6 potions of flight
Miscellaneous
 C - a phantom mirror
 I - a lightning rod (4/4)
 Y - a phial of floods


   Skills:
 + Level 18.4 Fighting
 - Level 12.0 Staves
 + Level 14.4 Dodging
 + Level 13.1 Stealth
 - Level 4.0 Shields
 + Level 16.1 Spellcasting
 * Level 22.1 Conjurations
 + Level 11.3 Summonings
 - Level 6.2 Translocations
 - Level 5.7 Ice Magic
 - Level 6.2 Air Magic
 - Level 11.3 Invocations
 - Level 15.3 Evocations


You couldn't memorise any spells.
You knew the following spells:

 Your Spells              Type           Power      Damage    Failure   Level
a - Magic Dart            Conj           100%       1d8       0%          1
b - Searing Ray           Conj           100%       3d7       0%          2
c - Orb of Destruction    Conj           61%        9d17      1%          7
d - Spellforged Servitor  Conj/Summ      55%        N/A       1%          7
e - Iskenderun's Mystic   Conj/Tloc      100%       2d19      1%          4
f - Shadow Creatures      Summ           N/A        N/A       2%          6
g - Summon Small Mammal   Summ           100%       N/A       1%          1
h - Apportation           Tloc           100%       N/A       1%          1
i - Blink                 Tloc           N/A        N/A       1%          2
j - Freezing Cloud        Conj/Ice/Air   47%        6-21      1%          5
k - Swiftness             Air            56%        N/A       1%          3
l - Summon Hydra          Summ           36%        N/A       16%         7
q - Iskenderun's Battles  Conj           100%       2d15      0%          5
z - Lightning Bolt        Conj/Air       51%        1d72      1%          5

Your spell library contained the following spells:

 Spells                   Type           Power      Damage    Failure   Level
 Shock                    Conj/Air       100%       1d9       0%          1
 Static Discharge         Conj/Air       100%       N/A       0%          2
 Animate Skeleton         Necr           46%        N/A       1%          1
 Beastly Appendage        Tmut           46%        N/A       1%          1
 Corona                   Hex            25%        N/A       1%          1
 Foxfire                  Conj/Fire      100%       2x1d9     1%          1
 Freeze                   Ice            100%       1d11      1%          1
 Pain                     Necr           92%        1d8       1%          1
 Sandblast                Erth           46%        2d11      1%          1
 Sting                    Tmut/Pois      92%        1d7       1%          1
 Call Imp                 Summ           73%        N/A       1%          2
 Corpse Rot               Necr/Air       N/A        N/A       1%          2
 Ensorcelled Hibernation  Hex/Ice        80%        N/A       1%          2
 Poisonous Vapours        Pois/Air       82%        N/A       1%          2
 Conjure Flame            Conj/Fire      93%        6-21      1%          3
 Dazzling Flash           Conj/Hex       100%       N/A       1%          3
 Frozen Ramparts          Ice            100%       1d12      1%          3
 Gell's Gravitas          Tloc           28%        N/A       1%          3
 Lesser Beckoning         Tloc           28%        N/A       1%          3
 Stone Arrow              Conj/Erth      100%       3d13      1%          3
 Summon Guardian Golem    Hex/Summ       54%        N/A       1%          3
 Airstrike                Air            28%        N/A       1%          4
 Fulminant Prism          Conj/Hex       46%        3d21      1%          4
 Hailstorm                Conj/Ice       100%       3d20      1%          4
 Passage of Golubria      Tloc           N/A        N/A       1%          4
 Sticky Flame             Conj/Fire      93%        2d10      1%          4
 Summon Ice Beast         Ice/Summ       65%        N/A       1%          4
 Summon Lightning Spire   Summ/Air       65%        N/A       1%          4
 Fireball                 Conj/Fire      46%        3d18      1%          5
 Irradiate                Conj/Tmut      46%        3d28      1%          5
 Conjure Ball Lightning   Conj/Air       51%        3x3d18    1%          6
 Bolt of Magma            Conj/Fire/Erth 39%        4d17      2%          5
 Passwall                 Tmut/Erth      19%        N/A       3%          2
 Slow                     Hex            23%        N/A       3%          2
 Sublimation of Blood     Necr           11%        N/A       3%          2
 Wereblood                Tmut           23%        N/A       3%          2
 Iron Shot                Conj/Erth      46%        9d9       3%          6
 Starburst                Conj/Fire      46%        6d13      3%          6
 Manifold Assault         Tloc           56%        N/A       4%          5
 Summon Mana Viper        Hex/Summ       54%        N/A       5%          5
 Confusing Touch          Hex            23%        N/A       6%          3
 Ignite Poison            Fire/Tmut/Pois 23%        N/A       6%          3
 Spider Form              Tmut/Pois      11%        N/A       6%          3
 Vampiric Draining        Necr           11%        2d7       6%          3
 Ice Form                 Ice/Tmut       40%        N/A       6%          4
 Silence                  Hex/Air        20%        N/A       16%         5
 Metabolic Englaciation   Hex/Ice        20%        N/A       17%         5
 Dispel Undead            Necr           23%        3d12      21%         4
 Olgreb's Toxic Radiance  Pois           23%        N/A       21%         4
 Petrify                  Tmut/Erth      23%        N/A       21%         4
 Dispersal                Tloc           28%        N/A       24%         6
 Agony                    Necr           23%        N/A       50%         5
 Alistair's Intoxication  Tmut/Pois      15%        N/A       50%         5
 Blade Hands              Tmut           11%        N/A       50%         5
 Borgnjor's Vile Clutch   Necr/Erth      11%        N/A       50%         5
 Lee's Rapid Deconstruct  Erth           11%        3d9*      50%         5
 Yara's Violent Unravell  Hex/Tmut       11%        3d6       50%         5
 Simulacrum               Ice/Necr       20%        N/A       67%         6
 Lehudib's Crystal Spear  Conj/Erth      46%        10d11     80%         8
 Invisibility             Hex            11%        N/A       97%         6
 Statue Form              Tmut/Erth      15%        N/A       97%         6
 Storm Form               Tmut/Air       20%        N/A       99%         7
 Chain Lightning          Conj/Air       51%        3d68      99%         9
 Disjunction              Tloc           28%        N/A       100%        8
 Ignition                 Fire           11%        3d5       100%        8
 Fire Storm               Conj/Fire      46%        8d12      100%        9
 Shatter                  Erth           11%        3d12*     100%        9
 Animate Armour           Summ/Erth      Unusable   N/A       N/A         4

Dungeon Overview and Level Annotations

Branches:
Dungeon (15/15)            Temple (1/1) D:6            Lair (6/6) D:9
 Shoals (4/4) Lair:3       Spider (4/4) Lair:3        Slime (5/5) Lair:5
    Orc (2/2) D:12            Elf (3/3) Orc:2        Vaults (4/5) D:14
  Crypt (0/3) Vaults:3     Depths (5/5) D:15           Hell (visited)
    Zot (0/5) Depths:5      Sewer (visited)         Ossuary (visited)
    Dis: Hell:1         Geh: Hell:1         Coc: Hell:1         Tar: Hell:1

Altars:
Ashenzari
Cheibriados
Dithmenos
Elyvilon
Fedhas
Gozag
Hepliaklqana
Kikubaaqudgha
Makhleb
Nemelex Xobeh
Okawaru
Qazlal
Ru
Sif Muna
Trog
Uskayaw
Vehumet
Wu Jian
Xom
Yredelemnul
Zin
The Shining One
Beogh
Jiyva

Shops:
D:6 ?   D:9 [   D:10 *   Orc:2 :!([   Elf:1 =   Elf:2 [   Elf:3 [   Shoals:3 *
Vaults:1 =   Vaults:3 !=:*(   Vaults:4 =

Portals:
Hell: Lair:6 Depths:1 Depths:2 Depths:3 Depths:4 Depths:5
Abyss: Depths:2 Depths:4 Depths:5
Pandemonium: Depths:3 Depths:4 Depths:5
Ziggurat: Depths:5
Trove: Depths:2 (give horn of Geryon)

Annotations:
Lair:5 exclusion: 4 oklob plants
Shoals:4 Jazqba's ghost, adept HOGl
Vaults:2 2 runed translucent doors, garrulousMonolith's ghost, veteran GnFi
Vaults:4 2 transporters
Hell Geryon


Innate Abilities, Weirdness & Mutations

You can breathe waves of freezing cold which knock back foes.
Your icy white scales are hard. (AC +12)
You cannot fit into any form of body armour.
Your flesh is cold resistant. (rC+)
You are cold-blooded and may be slowed by cold attacks.
You are clumsy. (Dex -2)
Your body sometimes deteriorates upon taking damage.
You are frail. (-10% HP)
Your magical capacity is very low. (-20% MP)
You sometimes lose the ability to read scrolls when taking damage.


Message History

The mystic blast hits the rockslime!!
The rockslime is severely wounded.
The rockslime is knocked back by the mystic blast.
You are splashed with acid.
You resist. The rockslime closely misses you.
There is a stone staircase leading up, spattered with blood here.
The rockslime hits you.
You stumble backwards!
You stop ascending the stairs.
The rockslime hits you!
* * * LOW HITPOINT WARNING * * *
You stumble backwards!
Casting: Iskenderun's Mystic Blast (safe; 1% risk of failure)
Confirm with . or Enter, or press ? or * to list all spells.
You feel a surge of power!
You erupt in a blast of force!
The mystic blast hits the great orb of eyes!
The great orb of eyes is moderately wounded.
The great orb of eyes is knocked back by the mystic blast.
The mystic blast hits the rockslime.
The rockslime is severely wounded.
You are splashed with acid!
You resist.
* * * LOW HITPOINT WARNING * * *
The rockslime hits you but does no damage.
The acid blob spits acid at you. The splash of acid hits you. You resist.
* * * LOW HITPOINT WARNING * * *
You are splashed with acid.
You resist.
* * * LOW HITPOINT WARNING * * *
The rockslime hits you!
* * * LOW HITPOINT WARNING * * *
You stumble backwards!
The great orb of eyes gazes at you. You resist with almost no effort.
The rockslime completely misses you. The acid blob spits acid at you.
The splash of acid hits you. You resist.
* * * LOW HITPOINT WARNING * * *
You are splashed with acid.
You resist.
* * * LOW HITPOINT WARNING * * *
You fade into invisibility!
The rockslime hits you!!
You die...

#}#,,***,,.....ยง..........,,*
##,,,,**,.................,**
#,,,,,**#.................,*
#*,,,**#..................,*
#,,,**....................**
#*,**.....................,*
#####.....^...............**
.#.#.....................#**
...............G@<........,**
................J...#.....,,*
..................###*###.***
.............J....# *,*
...............#### *,*
................## *,*
.................# ***
................##
.................##


You could see an acid blob, a great orb of eyes and a rockslime.

Vanquished Creatures
  Dissolution (Slime:2)
  the Royal Jelly (Slime:5)
  Mara (Shoals:4)
  Sojobo (Depths:5)
  Frederick (Vaults:2)
  Margery (Depths:3)
  Saint Roka (Orc:2)
  A caustic shrike (Depths:3)
  Nikola (Depths:1)
  5 golden dragons
  Jory (Vaults:2)
  A bone dragon (Depths:5)
  Arachne (Spider:2)
  2 liches (Depths:2)
  Asterion (Spider:2)
  A titan (Depths:5)
  3 deep elf blademasters
  A quicksilver dragon (Depths:4)
  2 deep elf master archers (Elf:3)
  16 acid blobs
  An ancient champion (Vaults:2)
  Kirke (Lair:4)
  4 sphinxes
  Roxanne (Spider:1)
  A draconian monk (Depths:5)
  9 tengu reavers
  A shadow dragon (Depths:3)
  4 azure jellies
  A storm dragon (Depths:3)
  Ilsuiw (Shoals:2)
  8 rockslimes
  3 frost giants
  5 fire giants
  6 emperor scorpions
  A draconian scorcher (Depths:5)
  7 deep elf sorcerers
  6 vault wardens
  4 orc warlords
  An iron dragon (Depths:2)
  A draconian annihilator (Depths:5)
  4 ghost moths (Spider:4)
  3 deep elf elementalists (Elf:3)
  Louise (D:15)
  14 ironbound preservers
  Aizul (Depths:1)
  A war gargoyle (Vaults:2)
  7 quicksilver oozes
  7 stone giants
  25 very ugly things
  2 spriggan defenders
  A reaper (Depths:5)
  5 deep elf demonologists
  Nessos (D:13)
  4 vampire knights
  A green draconian (Depths:5)
  3 deep elf annihilators (Elf:3)
  8 dire elephants
  2 white draconians (Depths:5)
  Azrael (Spider:3)
  7 spark wasps
  A yellow draconian (Depths:5)
  7 entropy weavers
  3 jiangshi (Depths:1)
  8 merfolk impalers
  5 fire dragons
  5 merfolk javelineers
  5 deep elf death magi
  10 ettins
  6 great orbs of eyes
  Snorg (D:14)
  Josephine (D:14)
  8 deep elf high priests
  4 vault guards
  15 yaktaur captains
  2 rakshasas
  9 ice dragons
  5 boulder beetles
  A juggernaut simulacrum (Depths:1)
  9 ironbound thunderhulks
  11 hydras
  5 spriggan air magi
  A peacekeeper (Vaults:2)
  An alligator snapping turtle (Shoals:1)
  6 merfolk avatars
  4 ironbound frosthearts
  28 dancing weapons
  13 centaur warriors
  2 tengu warriors
  2 merfolk aquamancers
  A two-headed ogre (D:11)
  13 death yaks
  4 deep troll shamans
  7 spriggan berserkers
  4 deep troll earth magi
  An orc high priest (Elf:3)
  2 vampire magi
  5 ironbound beastmasters
  A soul eater (Depths:5)
  3 spriggans (Depths:4)
  A sun demon (Depths:5)
  Nergalle (Lair:4)
  3 salamander mystics
  10 hell knights
  A sixfirhy (Lair:6)
  A fire crab (Shoals:2)
  28 deep elf knights
  An iron troll (Depths:5)
  56 deep trolls
  15 sea snakes
  3 glowing orange brains
  4 lindwurms
  3 necromancers
  2 wolf spider zombies (D:14)
  22 ironbound convokers
  10 orc knights
  38 deep elf zephyrmancers
  A tengu zombie (Depths:1)
  26 deep elf archers
  10 harpies
  11 wizards
  31 deep elf pyromancers
  5 orc sorcerers
  7 fauns
  22 wolf spiders
  14 orb spiders
  2 shining eyes (Slime:4)
  19 manticores
  A tengu skeleton (Vaults:2)
  27 ugly things
  3 moths of wrath
  14 cyclopes
  Maurice (D:13)
  9 black mambas
  27 elephants
  9 salamanders
  A human skeleton (Vaults:2)
  19 vault sentinels
  2 smoke demons
  An eye of devastation (Slime:5)
  8 merfolk sirens
  A fire giant skeleton (Depths:1)
  8 water nymphs
  An unseen horror (D:12)
  6 orange demons
  A spriggan skeleton (Depths:1)
  A gargoyle (D:13)
  2 torpor snails
  12 komodo dragons
  20 cane toads
  8 rime drakes
  5 tengu conjurers
  An ice devil (Lair:6)
  10 demonic crawlers
  42 yaktaurs
  An efreet (D:13)
  3 red devils
  A komodo dragon (shapeshifter) (Elf:3)
  A guardian mummy (Depths:2)
  6 meliai
  23 jumping spiders
  5 polar bears
  25 merfolk
  4 trolls
  A queen bee (Lair:5)
  A nameless horror (Slime:2)
  28 blink frogs
  6 wind drakes
  12 hornets
  A slime creature (shapeshifter) (Depths:2)
  16 dream sheep
  An ice dragon zombie (Depths:1)
  3 meliai zombies (D:14)
  65 slime creatures
  A dream sheep (shapeshifter) (D:12)
  12 snapping turtles
  2 air elementals
  57 redbacks
  A vampire (D:14)
  A fire dragon skeleton (Depths:1)
  16 water elementals
  A stone giant simulacrum (Depths:1)
  An ettin skeleton (Vaults:2)
  2 spriggans (shapeshifter) (D:15)
  25 tarantellas
  6 wyverns
  9 fire elementals
  A redback (shapeshifter) (Depths:3)
  23 yaks
  9 wraiths
  2 fire bats (Shoals:2)
  10 vampire mosquitoes
  14 golden eyes
  A chaos spawn (Depths:5)
  4 steam dragons
  13 basilisks
  A swamp worm (shapeshifter) (Depths:1)
  2 wargs
  An acid dragon (D:12)
  22 water moccasins
  8 hell hounds
  A swamp drake (D:9)
  Purgy (D:4)
  5 black bears
  A floating eye (Slime:4)
  2 ice beasts
  2 sky beasts (D:7)
  35 orc warriors
  A hornet zombie (D:8)
  15 centaurs
  9 wolves
  6 ogres
  4 phantoms
  4 necrophages
  2 kobold brigands
  19 bullfrogs
  A gnoll sergeant (D:8)
  A wyvern zombie (D:6)
  2 earth elementals (Elf:1)
  4 scorpions
  A water moccasin skeleton (D:5)
  39 killer bees
  10 wights (D:8)
  9 electric eels
  5 howler monkeys
  2 jellies
  8 hounds
  13 centaur zombies
  2 gnoll shamans
  A bullfrog skeleton (D:7)
  18 orc priests
  3 iguanas
  9 hell rats
  29 orc wizards
  A killer bee zombie (D:7)
  A mummy (Ossuary)
  3 adders
  14 gnolls
  A howler monkey skeleton (D:7)
  11 river rats
  A shadow imp (D:7)
  A white imp (D:7)
  An ufetubus (D:4)
  A dart slug (D:1)
  86 orcs
  11 bats
  3 endoplasms
  6 giant cockroaches
  6 goblins
  3 hobgoblins
  4 jackals (D:5)
  15 kobolds
  5 quokkas
  6 ball pythons
  9 frilled lizards
  9 gnoll skeletons (Ossuary)
  4 kobold skeletons (Ossuary)
  11 orc skeletons (Ossuary)
  7 rats
  2 butterflies (Elf:2)
1947 creatures vanquished.

Vanquished Creatures (collateral kills)
  3 acid blobs (Slime:5)
  An azure jelly (Slime:5)
  A quicksilver ooze (Slime:5)
  A very ugly thing (Vaults:4)
  A great orb of eyes (Slime:5)
  2 deep trolls (Depths:5)
  A wizard (Vaults:4)
  A yaktaur (Vaults:1)
  A slime creature (Slime:5)
  2 redbacks (Spider:1)
  A kobold skeleton (Ossuary)
15 creatures vanquished.

Vanquished Creatures (others)
  A golden dragon (Depths:5)
  A stone giant (Depths:1)
  A deep elf knight (Elf:3)
  A wizard (Depths:1)
  A shining eye (Slime:2)
  An ugly thing (Depths:1)
  A jumping spider (Spider:3)
  A spriggan zombie (Depths:1)
  6 humans (Lair:4)
  An orc wizard (Orc:2)
  75 fulminant prisms
  87 fungi
  214 plants
391 creatures vanquished.

Grand Total: 2353 creatures vanquished

Notes
Turn   | Place    | Note
-------+----------+-------------------------------------------
     0 | D:1      | raph the Draconian Conjurer began the quest for the Orb.
     0 | D:1      | Reached XP level 1. HP: 14/14 MP: 3/3
   248 | D:1      | Reached XP level 2. HP: 20/20 MP: 3/5
   312 | D:1      | Learned a level 2 spell: Searing Ray
   890 | D:2      | Found a faded altar of an unknown god.
   896 | D:2      | Got Plato's Collected Works on the Frostbite
  1568 | D:2      | Reached skill level 5 in Conjurations
  1608 | D:2      | Reached XP level 3. HP: 26/26 MP: 3/6
  1981 | D:3      | Found a glowing drain.
  2098 | Sewer    | Entered a sewer
  2267 | Sewer    | Learned a level 3 spell: Dazzling Flash
  2435 | Sewer    | Reached XP level 4. HP: 33/33 MP: 5/7
  2713 | Sewer    | Noticed a bullfrog
  2716 | Sewer    | Killed a bullfrog
  2717 | Sewer    | Reached skill level 6 in Conjurations
  2717 | Sewer    | Reached XP level 5. HP: 31/38 MP: 4/9
  3379 | D:3      | Found a glowing golden altar of the Shining One.
  3625 | D:4      | Learned a level 4 spell: Fulminant Prism
  3640 | D:4      | Found a hide-covered altar of Uskayaw.
  3641 | D:4      | Noticed Purgy
  3697 | D:4      | Found a stormy altar of Qazlal.
  3896 | D:4      | Reached XP level 6. HP: 45/45 MP: 7/11
  4025 | D:4      | Killed Purgy
  4238 | D:4      | Reached skill level 7 in Conjurations
  4606 | D:4      | Your scales start taking on an icy white colour.
  4606 | D:4      | Reached XP level 7. HP: 50/50 MP: 9/14
  4606 | D:4      | Gained mutation: Your flesh is cold resistant. (rC+) [White
                  | Draconian growth]
  4811 | D:4      | Learned a level 4 spell: Iskenderun's Mystic Blast
  4813 | D:4      | Learned a level 1 spell: Freeze
  4921 | D:5      | Entered Level 5 of the Dungeon
  4927 | D:5      | Reached skill level 1 in Fighting
  5114 | D:5      | Reached skill level 1 in Evocations
  5236 | D:5      | Reached XP level 8. HP: 61/61 MP: 10/15
  5470 | D:5      | Reached skill level 8 in Conjurations
  6529 | D:6      | Learned a level 1 spell: Summon Small Mammal
  6589 | D:6      | Found Ilazyink's Magic Scroll Emporium.
  6597 | D:6      | Bought a scroll of identify for 22 gold pieces
  6743 | D:6      | Reached XP level 9. HP: 66/71 MP: 7/16
  6980 | D:6      | Found a sand-covered staircase.
  6989 | Ossuary  | Entered an ossuary
  7699 | D:6      | Found a staircase to the Ecumenical Temple.
  7716 | Temple   | Entered the Ecumenical Temple
  7758 | Temple   | Became a worshipper of Sif Muna the Loreminder
  7841 | D:6      | Reached skill level 1 in Invocations
  9105 | D:7      | Reached skill level 5 in Fighting
  9338 | D:7      | Reached skill level 5 in Stealth
  9439 | D:7      | Reached skill level 9 in Conjurations
  9910 | D:7      | Reached * piety under Sif Muna
 10356 | D:8      | Found a snail-covered altar of Cheibriados.
 10357 | D:8      | Found a sacrificial altar of Ru.
 10357 | D:8      | Found an ornate altar of the Wu Jian Council.
 10358 | D:8      | Found a white marble altar of Elyvilon.
 10724 | D:8      | Reached XP level 10. HP: 81/81 MP: 13/17
 10757 | D:8      | Reached skill level 5 in Dodging
 10910 | D:8      | Found a hazy altar of Hepliaklqana.
 11206 | D:8      | Reached skill level 5 in Evocations
 11457 | D:8      | Reached skill level 5 in Invocations
 11826 | D:9      | Found Cheibriados's Comfort Zone.
 11828 | D:9      | Found a snail-covered altar of Cheibriados.
 12036 | D:9      | Found a blossoming altar of Fedhas.
 12039 | D:9      | Found an opulent altar of Gozag.
 12039 | D:9      | Found a shadowy altar of Dithmenos.
 12047 | D:9      | Found a glowing silver altar of Zin.
 12050 | D:9      | Found a bloodstained altar of Trog.
 12174 | D:9      | Reached ** piety under Sif Muna
 12761 | D:9      | Found a staircase to the Lair.
 13386 | D:10     | Entered Level 10 of the Dungeon
 13394 | D:10     | Noticed an orange demon
 13446 | D:10     | Found Wauticih's Demolitions Depot.
 14088 | D:10     | Learned a level 1 spell: Apportation
 14287 | D:10     | Noticed an orange demon
 14296 | D:10     | Killed an orange demon
 14322 | D:10     | Killed an orange demon
 14353 | D:10     | Reached XP level 11. HP: 79/91 MP: 9/18
 15226 | D:11     | Noticed a two-headed ogre
 15234 | D:11     | Killed a two-headed ogre
 15353 | D:11     | Reached skill level 10 in Conjurations
 16380 | D:11     | Noticed a boulder beetle
 16628 | Lair:1   | Entered Level 1 of the Lair of Beasts
 16695 | Lair:1   | Noticed a four-headed hydra
 16714 | Lair:1   | Killed a four-headed hydra
 16804 | D:9      | Reached skill level 5 in Spellcasting
 17020 | Lair:1   | Reached XP level 12. HP: 71/101 MP: 9/19
 17703 | Lair:1   | Identified a scroll of acquirement
 17704 | Lair:1   | Acquired Sif Muna's Volume of Displaced Combat Magic
 19067 | Lair:2   | Learned a level 5 spell: Lightning Bolt
 19315 | Lair:2   | Noticed a seven-headed hydra
 19322 | Lair:2   | Killed a seven-headed hydra
 19322 | Lair:2   | Reached *** piety under Sif Muna
 19323 | Lair:2   | Reached skill level 1 in Air Magic
 20726 | Lair:3   | Reached skill level 11 in Conjurations
 20848 | Lair:3   | Noticed a four-headed hydra
 20857 | Lair:2   | Killed a four-headed hydra
 21173 | Lair:3   | Reached **** piety under Sif Muna
 21202 | Lair:3   | Noticed a death yak
 21216 | Lair:3   | Noticed a death yak
 21564 | Lair:3   | Reached XP level 13. HP: 108/108 MP: 1/22
 22011 | Lair:3   | Reached skill level 1 in Staves
 22011 | Lair:3   | Reached skill level 10 in Invocations
 22403 | Lair:3   | Found a hole to the Spider Nest.
 22798 | Lair:3   | Found a staircase to the Shoals.
 23323 | Lair:4   | Noticed Kirke
 23337 | Lair:4   | Killed Kirke
 24311 | Lair:4   | Noticed Nergalle
 24341 | Lair:4   | Killed Nergalle
 27771 | D:10     | Bought a book of Power for 630 gold pieces
 28447 | D:12     | Acquired the amulet of Tegourch {Acrobat rF+ Will++ Int+3}
 28586 | D:12     | Found a staircase to the Orcish Mines.
 28869 | D:12     | Reached XP level 14. HP: 118/118 MP: 3/25
 29066 | D:12     | You fall into a shaft and drop 1 floor!
 29341 | D:13     | Learned a level 5 spell: Iskenderun's Battlesphere
 29436 | D:13     | Noticed Maurice
 29448 | D:13     | Killed Maurice
 29778 | D:13     | Noticed Nessos
 29784 | D:13     | Killed Nessos
 29790 | D:13     | Reached skill level 5 in Staves
 30406 | Orc:1    | Entered Level 1 of the Orcish Mines
 30732 | Orc:2    | Entered Level 2 of the Orcish Mines
 30732 | Orc:2    | Noticed an orc warlord
 30750 | Orc:1    | Killed an orc warlord
 31556 | Orc:2    | Found Deotry's Distillery.
 31564 | Orc:2    | Bought a potion of heal wounds for 65 gold pieces
 32312 | Orc:2    | Reached ***** piety under Sif Muna
 32550 | Orc:2    | Received a gift from Sif Muna
 32764 | Orc:2    | Found Hekeoc's Book Emporium.
 32824 | Orc:2    | Noticed Saint Roka
 33103 | Orc:2    | Killed Saint Roka
 33104 | Orc:2    | Reached skill level 5 in Air Magic
 33848 | Orc:2    | Found a staircase to the Elven Halls.
 34154 | Orc:1    | Reached skill level 10 in Fighting
 34429 | Orc:2    | Found Fuufek's Antique Weapon Boutique.
 34433 | Orc:2    | Found Let Taq's Antique Armour Shop.
 34446 | Orc:2    | Bought a pair of boots for 121 gold pieces
 34446 | Orc:2    | Bought a runed cloak for 202 gold pieces
 34591 | Orc:1    | You fall into a shaft and drop 1 floor!
 35678 | D:13     | Acquired 1044 gold pieces
 36412 | D:10     | Bought a manual of Evocations for 1200 gold pieces
 36889 | Lair:5   | Reached skill level 12 in Conjurations
 36994 | Lair:5   | Received a gift from Sif Muna
 36995 | Lair:5   | Got Caepycac's Compendium of Combat Magic {god gift}
 39217 | Lair:5   | Found a viscous altar of Jiyva.
 39218 | Lair:5   | Found a staircase to the Slime Pits.
 39403 | Lair:6   | Entered Level 6 of the Lair of Beasts
 39425 | Lair:5   | HP: 5/121 [poisoned by a cane toad]
 39983 | Lair:6   | Reached XP level 15. HP: 126/126 MP: 6/27
 40617 | Lair:5   | Learned a level 3 spell: Swiftness
 41942 | Lair:6   | Reached skill level 10 in Evocations
 43450 | Lair:6   | Received a gift from Sif Muna
 43451 | Lair:6   | Got Wean's Reference Book on Conjuration and Cold {god
                  | gift}
 45300 | Lair:6   | Found a burning altar of Makhleb.
 45735 | Lair:6   | Found a gateway to Hell.
 45925 | D:9      | Learned a level 7 spell: Orb of Destruction
 46174 | D:14     | Noticed Josephine
 46198 | D:14     | Killed Josephine
 46623 | D:14     | Found a gate to the Vaults.
 47146 | D:14     | Noticed Snorg
 47149 | D:14     | Killed Snorg
 47150 | D:14     | Reached skill level 13 in Conjurations
 47625 | D:14     | Found a basalt altar of Yredelemnul.
 48114 | D:15     | Entered Level 15 of the Dungeon
 48114 | D:15     | Found a blossoming altar of Fedhas.
 48156 | D:15     | Noticed Louise
 48680 | D:15     | Killed Louise
 49539 | D:15     | Reached XP level 16. HP: 50/136 MP: 8/28
 51169 | D:15     | Reached skill level 14 in Conjurations
 52781 | D:15     | Found a staircase to the Depths.
 53143 | Shoals:1 | Entered Level 1 of the Shoals
 55357 | Shoals:1 | Reached skill level 10 in Staves
 56348 | Shoals:2 | Reached skill level 10 in Spellcasting
 57892 | Shoals:2 | Noticed Ilsuiw
 57898 | Shoals:2 | Killed Ilsuiw
 59213 | Shoals:3 | Reached skill level 1 in Shields
 59279 | Shoals:3 | Found Pirih's Assorted Antiques.
 59319 | Shoals:3 | Reached skill level 15 in Conjurations
 59671 | Shoals:3 | Bought a jewelled cloak for 370 gold pieces
 59671 | Shoals:3 | Identified the +0 cloak "Plog" {Rampage rC- Dex+8} (You
                  | bought it in a shop on level 3 of the Shoals)
 59671 | Shoals:3 | Bought a scroll of teleportation for 117 gold pieces
 60330 | Shoals:3 | Reached XP level 17. HP: 143/143 MP: 18/31
 60547 | Shoals:3 | Learned a level 4 spell: Summon Ice Beast
 60945 | Shoals:3 | Reached skill level 1 in Summonings
 61590 | Shoals:4 | Entered Level 4 of the Shoals
 61656 | Shoals:4 | Received a gift from Sif Muna
 62241 | Shoals:4 | Reached skill level 1 in Translocations
 62404 | Shoals:4 | Noticed Mara
 62534 | Shoals:4 | Killed Mara
 63746 | Shoals:4 | Got a barnacled rune of Zot
 64103 | Shoals:4 | Learned a level 4 spell: Passage of Golubria
 64605 | Shoals:4 | Identified the +1 trident of the Rattlesnake {freeze,
                  | Will+}
 64867 | Shoals:4 | Found a transporter.
 64988 | Shoals:4 | Found a transporter.
 64996 | Shoals:4 | Noticed Jazqba's ghost (adept HOGl)
 65380 | Shoals:4 | Reached skill level 5 in Summonings
 65384 | Shoals:4 | Received a gift from Sif Muna
 65585 | Shoals:4 | Got Sif Muna's Catalogue of Confrontation {god gift}
 66198 | Shoals:4 | Identified the +1 helmet of Least Resistance {Will+}
 66259 | Shoals:4 | Identified the +2 pair of gloves "Mulyituk" {MP+9}
 66875 | Vaults:1 | Entered Level 1 of the Vaults
 68236 | Vaults:1 | Reached XP level 18. HP: 93/149 MP: 19/33
 69120 | Vaults:1 | Reached skill level 5 in Translocations
 69717 | Vaults:1 | Found Adah's Jewellery Boutique.
 69725 | Vaults:1 | Bought a +4 ring of protection for 612 gold pieces
 70785 | Vaults:1 | Reached skill level 16 in Conjurations
 73147 | Vaults:2 | Noticed Frederick
 73163 | Vaults:2 | Killed Frederick
 73660 | Vaults:2 | Found a large runed translucent door.
 73660 | Vaults:2 | Found a large runed translucent door.
 73660 | Vaults:2 | Noticed garrulousMonolith's ghost (veteran GnFi)
 73917 | Vaults:2 | Received a gift from Sif Muna
 74656 | Vaults:2 | Reached XP level 19. HP: 142/158 MP: 26/35
 74663 | Vaults:2 | Noticed Jory
 76026 | Vaults:2 | Reached skill level 10 in Dodging
 76224 | Vaults:2 | Killed Jory
 76763 | Vaults:2 | Learned a level 5 spell: Freezing Cloud
 77488 | Vaults:3 | Found a staircase to the Crypt.
 77488 | Vaults:3 | Found Naepat's Assorted Antiques.
 77893 | Vaults:3 | Bought a tubular bone ring for 175 gold pieces
 77923 | Vaults:3 | Found Nimiesux's Book Shop.
 77933 | Vaults:3 | Found Suocinec's Jewellery Emporium.
 77995 | Vaults:3 | Reached skill level 17 in Conjurations
 78177 | Vaults:3 | Found Jocoh's Distillery.
 78185 | Vaults:3 | Bought a potion of heal wounds for 95 gold pieces
 80446 | Vaults:3 | Found Kofagy's Antique Weapon Shoppe.
 81644 | Vaults:4 | Received a gift from Sif Muna
 81653 | Vaults:4 | Got Sif Muna's Handbook of Summoning {god gift}
 81837 | Vaults:4 | Learned a level 6 spell: Shadow Creatures
 82699 | Vaults:4 | Found a transporter.
 82706 | Vaults:4 | Found a transporter.
 82892 | Vaults:4 | Identified the +10 hand axe of Premature Burial {pain,
                  | Dex+5}
 83107 | Vaults:4 | Reached XP level 20. HP: 128/169 MP: 37/37
 83328 | Vaults:4 | Reached skill level 1 in Ice Magic
 84825 | Vaults:4 | Reached skill level 18 in Conjurations
 84919 | Vaults:4 | Found Rikh's Jewellery Shoppe.
 85026 | Vaults:4 | Identified the +1 buckler "Louwkily" {Drain rPois Will+
                  | Int+3}
 85076 | Vaults:3 | Bought the ring "Koysmoj" {rPois EV+4 Stlth+} for 750 gold
                  | pieces
 85671 | Spider:1 | Entered Level 1 of the Spider Nest
 86492 | Spider:1 | Identified Roxanne's Guide on the Rocks
 86492 | Spider:1 | Noticed Roxanne
 86500 | Spider:1 | Killed Roxanne
 87283 | Spider:2 | Noticed Arachne
 87315 | Spider:2 | Killed Arachne
 87327 | Spider:2 | HP: 5/170 [boulder beetle (45)]
 88183 | Spider:2 | Noticed Asterion
 88196 | Spider:2 | Killed Asterion
 89022 | Spider:3 | Noticed Azrael
 89027 | Spider:3 | Killed Azrael
 91475 | Spider:4 | Entered Level 4 of the Spider Nest
 91937 | Spider:4 | Received a gift from Sif Muna
 92598 | Spider:4 | Reached skill level 5 in Ice Magic
 93117 | Spider:4 | Reached skill level 10 in Summonings
 93922 | Spider:4 | Reached XP level 21. HP: 136/178 MP: 5/38
 94301 | Spider:4 | Got a gossamer rune of Zot
 94935 | Elf:1    | Entered Level 1 of the Elven Halls
 95307 | Elf:1    | Received a gift from Sif Muna
 95308 | Elf:1    | Got Sif Muna's Tome of Arcane Weapons and Feathers {god
                  | gift}
 95573 | Elf:1    | Found Lanekam's Jewellery Shop.
 95691 | Elf:1    | Identified the +9 hand axe of Okawaru's Hope {vorpal, rF-
                  | Str+5}
 97602 | Elf:2    | Reached skill level 19 in Conjurations
 97961 | Elf:2    | Found a huge runed gate.
 97962 | Elf:2    | Found a huge runed gate.
 98173 | Elf:2    | Found a huge runed gate.
 98174 | Elf:2    | Found a huge runed gate.
 98175 | Elf:2    | Found a huge runed gate.
 98193 | Elf:2    | Found a huge runed gate.
 98193 | Elf:2    | Found a huge runed gate.
 98193 | Elf:2    | Found a huge runed gate.
 98193 | Elf:2    | Found a huge runed gate.
 98194 | Elf:2    | Found a huge runed gate.
 98195 | Elf:2    | Found a huge runed gate.
 98195 | Elf:2    | Found a huge runed gate.
 98195 | Elf:2    | Found a huge runed gate.
 98223 | Elf:2    | Found a huge runed gate.
 98223 | Elf:2    | Found a huge runed gate.
 98223 | Elf:2    | Found a huge runed gate.
 98227 | Elf:2    | Found a huge runed gate.
 98236 | Elf:2    | Reached skill level 15 in Evocations
 98624 | Elf:2    | Found a huge runed gate.
 98655 | Elf:2    | Found a huge runed gate.
 98655 | Elf:2    | Found a huge runed gate.
 98655 | Elf:2    | Found a huge runed gate.
 98675 | Elf:2    | Found a runed translucent gate.
 98675 | Elf:2    | Found a runed translucent gate.
 98735 | Elf:2    | Found a runed translucent gate.
 99026 | Elf:2    | Identified the +0 scale mail of Ociel {+Inv Slay+5}
100299 | Elf:2    | Received a gift from Sif Muna
100304 | Elf:2    | Learned a level 2 spell: Blink
101095 | Elf:3    | Entered Level 3 of the Elven Halls
101499 | Elf:3    | Paralysed by an air elemental for 1 turns
101502 | Elf:3    | Paralysed by an air elemental for 1 turns
101704 | Elf:3    | Reached skill level 10 in Stealth
102347 | Elf:3    | Found Ykuax's Antique Armour Shop.
102354 | Elf:3    | Bought a glowing buckler for 270 gold pieces
103272 | Elf:3    | Reached XP level 22. HP: 189/189 MP: 17/40
104014 | Elf:3    | Received a gift from Sif Muna
104015 | Elf:3    | Got Sif Muna's Catalogue of Moulding and Attacks {god gift}
104119 | Elf:3    | Identified the +7 great mace "Qaetok" {venom, rC+ Stlth+}
104119 | Elf:3    | Identified the ring of Behiboss {rC+ Will- Int+2 Dex+4}
104720 | Elf:3    | Got Asaisaept's Catalogue of Black Rites and Earth
104729 | Elf:3    | Identified the +11 whip "Oleaset" {spect, rC+ Int+2 Dex+3}
104734 | Elf:3    | Got the Collected Works on Hurtful Changing
104735 | Elf:3    | Identified the +5 spear of the Beginning {antimagic, +Rage}
104736 | Elf:3    | Identified the +2 chain mail "Ymosow" {Str+4}
105061 | Depths:1 | Entered Level 1 of the Depths
105559 | Depths:1 | Identified the +2 pair of gloves of the Elephant {Harm
                  | rPois rN+}
105559 | Depths:1 | Noticed Nikola
106226 | Depths:1 | Killed Nikola
106246 | Depths:1 | Noticed Aizul
106651 | Depths:1 | Reached skill level 20 in Conjurations
106681 | Depths:1 | Killed Aizul
107707 | Depths:1 | Found a hide-covered altar of Uskayaw.
107941 | Depths:1 | Found a shimmering blue altar of Sif Muna.
108160 | Hell     | Entered the Vestibule of Hell
108160 | Hell     | Noticed Geryon
108174 | Depths:1 | Reached skill level 15 in Fighting
108402 | Depths:2 | Gained mutation: Your magical capacity is low. (-10% MP) [a
                  | shining eye]
109018 | Depths:2 | Noticed a golden dragon
111250 | Depths:2 | Noticed a golden dragon
111260 | Depths:2 | Killed a golden dragon
111436 | Depths:2 | Got the Handbook of Snow
111814 | Depths:2 | Reached skill level 15 in Spellcasting
112105 | Depths:2 | Found a portal to a secret trove of treasure.
112175 | Depths:2 | Learned a level 5 spell: Manifold Assault
112351 | Depths:2 | Found a one-way gate to the infinite horrors of the Abyss.
112581 | Depths:2 | Killed a golden dragon
112687 | Depths:2 | Reached XP level 23. HP: 201/201 MP: 37/37
113715 | Depths:2 | Reached XP level 24. HP: 198/210 MP: 6/37
114078 | Depths:3 | Found a one-way gate leading to the halls of Pandemonium.
114807 | Depths:3 | Noticed Margery
114821 | Depths:3 | Killed Margery
115329 | Depths:3 | Reached skill level 21 in Conjurations
117298 | Depths:4 | Found a sparkling altar of Nemelex Xobeh.
117611 | Depths:4 | Received a gift from Sif Muna
118236 | Depths:4 | Learned a level 7 spell: Summon Hydra
118423 | Depths:5 | Entered Level 5 of the Depths
118635 | Depths:4 | Identified the +3 quarterstaff "Ipapleuw" {elec, rElec}
118659 | Depths:5 | Found a gateway to a ziggurat.
118661 | Depths:5 | Identified the +11 morningstar of Suicidal Tendencies
                  | {vorpal, rPois MP+9 Int+4}
119344 | Depths:5 | Noticed Sojobo
119353 | Depths:5 | Killed Sojobo
119527 | Depths:5 | Found Zin's Purification Station.
119528 | Depths:5 | Found a glowing silver altar of Zin.
119535 | Depths:5 | Bought a potion of curing for 90 gold pieces
121006 | Depths:5 | Found a gate to the Realm of Zot.
121807 | Slime:1  | Entered Level 1 of the Pits of Slime
122294 | Slime:2  | Noticed Dissolution
122303 | Slime:2  | Paralysed by a floating eye for 3 turns
122304 | Slime:2  | Killed Dissolution
122305 | Slime:2  | Reached XP level 25. HP: 218/223 MP: 28/38
122310 | Slime:2  | Gained mutation: You are clumsy. (Dex -2) [a shining eye]
122328 | Slime:1  | HP: 11/223 [acid (8)]
122329 | Slime:1  | HP: 1/223 [acid (7)]
123878 | Slime:4  | Paralysed by a floating eye for 2 turns
124112 | Slime:4  | Gained mutation: You sometimes lose the ability to read
                  | scrolls when taking damage. [a shining eye]
124113 | Slime:4  | Gained mutation: Your body sometimes deteriorates upon
                  | taking damage. [a shining eye]
124121 | Slime:4  | Gained mutation: Your magical capacity is very low. (-20%
                  | MP) [a shining eye]
124451 | Slime:4  | Gained mutation: You are frail. (-10% HP) [a shining eye]
124719 | Slime:5  | Entered Level 5 of the Pits of Slime
124734 | Slime:5  | Reached skill level 22 in Conjurations
125531 | Slime:5  | Found a viscous altar of Jiyva.
125536 | Slime:5  | Noticed the Royal Jelly
125764 | Slime:4  | Learned a level 7 spell: Spellforged Servitor
125792 | Slime:5  | Received a gift from Sif Muna
125793 | Slime:5  | Got Sif Muna's Reference Book on the Supportive Blaze {god
                  | gift}
126134 | Slime:5  | Killed the Royal Jelly
127143 | Slime:5  | Slain by a rockslime

Illustrated notes

Levels and vault maps discovered:
D:1:      dpeg_arrival_fog, layout_loops_ring, minmay_pentomino_q2
D:2:      cheibrodos_old_hovel, layout_loops_ring,
          shapermc_ecumenical_altar_rom_forum, minmay_misc_feat_doors
D:3:      layout_rooms, lemuel_coloured_pillars_altar, portal_sewer_entry_c,
          minmay_distorted
D:4:      layout_basic, lemuel_tele_altar, mainiacjoe_overflow_alcove_2,
          uniq_purgy
D:5:      layout_loops_corners
D:6:      layout_basic, minmay_temple_entry_nine_rooms, serial_shops,
          nicolae_shop_stone, enter_ossuary_1, chequers_serial_rivers_room_b,
          eino_small_chamber_without_monster, grunt_ministairs_1
D:7:      minmay_evil_eye, layout_basic
D:8:      layout_loops_corners, mainiacjoe_overflow_small_starburst,
          chequers_temple_overflow_statue_of_worship
D:9:      layout_basic, minmay_overflow_temple_star_hex, erik_lair_dragon,
          minmay_shop_chei
D:10:     layout_basic, nicolae_blasting_shop, minmay_beelzebubs_servants
D:11:     layout_roguey, portal_ice_cave_entry_pillars_2
D:12:     layout_stronghold, orc_0_dummy
D:13:     layout_basic, uniq_nessos, uniq_maurice
D:14:     layout_basic, david_vaults_1, kennysheep_boxes,
          nicolae_yredelemnul_corpse_copse, uniq_snorg, uniq_josephine
D:15:     gammafunk_enter_depths_forms, layout_basic, gauntlet_entry_generic,
          minmay_misc_feat_iff, hangedman_abyss_or_decor_passed, fedhas_altar_2,
          uniq_louise
Temple:   jpeg_temple_island
Lair:1:   layout_regular_city
Lair:2:   beast_lair_carwin_large_3, layout_misc_corridors, roderic_batcave,
          kennysheep_rathole
Lair:3:   layout_small_grid, minmay_shoals_entry_hut, spider_nest_entry_rubble,
          st_stairs_11, beast_lair_carwin_5, grunt_megastairs_3
Lair:4:   layout_regular_city, chequers_serial_rivers_small_3, uniq_nergalle,
          uniq_kirke
Lair:5:   hangedman_what_comes_after_a, layout_regular_city,
          dpeg_slime_entry_enclosed_altar, serial_bayou_shore_a
Lair:6:   evil_forest, layout_regular_city, serial_bayou, serial_bayou_pond_d,
          serial_bayou_crossing, serial_bayou_pond_b, serial_bayou_pond_a,
          serial_bayou_pond_e
Shoals:1: layout_shoals, centaur_isle
Shoals:2: layout_shoals, hangedman_shoal_volcano, uniq_ilsuiw
Shoals:3: layout_shoals, nicolae_stop_n_shop_1, st_shoals_ruin
Shoals:4: shoals_end_simple, layout_shoals, gammafunk_ghost_berserking_beasts,
          uniq_mara
Spider:1: layout_chambers, uniq_roxanne
Spider:2: layout_spider_delve, uniq_asterion, uniq_arachne
Spider:3: layout_spider_delve, uniq_azrael
Spider:4: spider_rune_water
Slime:1:  layout_caves
Slime:2:  layout_caves, dissolution_awaits
Slime:3:  layout_caves
Slime:4:  layout_caves
Slime:5
Orc:1:    layout_diamond_mine
Orc:2:    grunt_orc_community_town_hall, layout_caves,
          grunt_orc_community_big_house_1, grunt_orc_community_big_house_1,
          grunt_orc_community_house_2, grunt_orc_community_house_3,
          grunt_orc_community_house_1, grunt_orc_community_house_1,
          grunt_orc_community_house_2, grunt_orc_community_house_1, basic_altar
Elf:1:    minmay_elf_arrival_circle, layout_loops_cross, serial_shops, shop,
          minivault_28
Elf:2:    elven_hall_of_blades_hangedman_original
          [nicolae_blade_entry_area_security], layout_geoelf_octagon,
          not_door_vault_mu, hangedman_glass_teeth
Elf:3:    elf_hall, layout_onion_city, serial_shops, nicolae_shop_statue_plus,
          serial_glass, glass_columns_a, glass_columns_a, glass_columns_b,
          glass_columns_b, glass_columns_b, glass_columns_a, glass_columns_a,
          glass_columns_a, minmay_strange_pillars, item_on_display_b,
          minmay_strange_pillars, item_on_display_a
Vaults:1: grunt_vaults_hallway_short, grunt_vaults_hallway_short,
          vaults_room_corners, nicolae_vaults_octagons,
          nicolae_vaults_angled_halls, vaults_room_corners,
          ontoclasm_vaults_gateway, ontoclasm_vaults_misaligned,
          vaults_standard_mumra_x, vaults_room_mumra_shop_pool,
          layout_vaults_omnibox, serial_shops, bzr_entry_water
Vaults:2: advil_vaults_ghost_guards, v_misc_14, v_misc_25, v_misc_2,
          hangedman_vaults_stream, v_alt_pattern_2, grunt_vaults_trifunnel,
          nicolae_vaults_triangles, sword_in_stone, vaults_dpeg_encased_lava,
          vaults_mumra_hexcomb, nicolae_vaults_theta,
          ontoclasm_vaults_ring_large, layout_vaults_omnicross, uniq_jory
Vaults:3: v_misc_8, nicolae_vaults_network_periphery, v_pattern_5,
          nicolae_vaults_rhombus_6, v_misc_2,
          hangedman_vaults_stretched_pinwheel, v_alt_pattern_1,
          vaults_room_hallway, ontoclasm_vaults_shuriken, vaults_room_fours,
          layout_vaults_omnigrid, serial_shops, nicolae_shop_stone,
          nicolae_shop_window_shopping, shop, nicolae_shop_stone,
          nicolae_shop_waterfront
Vaults:4: grunt_vaults_swirl, nicolae_vaults_circle_grid_a,
          hangedman_vaults_snaps, hangedman_vaults_trim, vaults_room_large_hall,
          emtedronai_trogs_sanctum, v_rooms_6, vaults_dpeg_spiral,
          nicolae_vaults_alarming, vaults_mumra_chevron, ontoclasm_vaults_fault,
          grunt_vaults_focal, vaults_room_door_hall, nicolae_vaults_theta,
          vaults_room_octagon, layout_vaults_maze_bifur, serial_shops, shop
Depths:1: layout_basic, mu_enter_wizlab_5, led_sif_pool, hell_entry,
          nicolae_uskayaw_suspiria, uniq_aizul, uniq_nikola
Depths:2: minmay_the_grid_square_5x5_4x4_mashed
          [minmay_the_grid_square_5x5_inset, minmay_the_grid_square_5x5_tie,
          minmay_the_grid_square_5x5_checkered_sparse,
          minmay_the_grid_square_5x5_two_walls_b,
          minmay_the_grid_square_5x5_forky,
          minmay_the_grid_square_5x5_prize_monsterx,
          minmay_the_grid_square_5x5_prize_junk,
          minmay_the_grid_square_5x5_misaligned, minmay_the_grid_square_5x5_n,
          minmay_the_grid_square_5x5_prize_waves,
          minmay_the_grid_square_5x5_prize_itemx,
          minmay_the_grid_square_5x5_two_walls_a,
          minmay_the_grid_square_5x5_three_small,
          minmay_the_grid_square_5x5_longway,
          minmay_the_grid_square_5x5_broken_cross,
          minmay_the_grid_square_5x5_bite], layout_gridlike,
          nicolae_trove_entry_path_of_doom, pf_coc_iceberg,
          minmay_misc_feat_plants, abyss_entry, infiniplex_staircase_trident
Depths:3: minmay_sliced_demisemicircle, layout_long_grid,
          infiniplex_staircase_diamond, pan_entry, hell_entry,
          chequers_serial_rivers_micro_b, grunt_megastairs_4, uniq_margery
Depths:4: kennysheep_funnel, layout_cave_pools, hell_entry, pan_entry,
          nemelex_xobeh_ov_fountains_minmay, abyss_entry_small_statue_room,
          firewood_loft, infiniplex_staircase_pool_2
Depths:5: grunt_zot_entry_bicorn, layout_gridville, enter_ziggurat_b,
          rand_demon_pan_entry_3, hell_entry,
          nicolae_abyss_entry_one_way_or_another, zin_purify, uniq_sojobo,
          uniq_frederick, uniq_saint_roka
Hell

Skill      XL: |  1  2  3  4  5  6  7  8  9 10 11 12 13 14 15 16 17 18 19 20 21 22 23 24 25 |
---------------+----------------------------------------------------------------------------+-----
Conjurations   | 5 6 7 8 9 10 11 12 13 15 16 17 18 19 20 21 22 | 22.1
Spellcasting   | 3 4 5 6 7 8 10 11 12 13 14 15 16 | 16.1
Fighting       | 2 4 5 6 7 8 9 10 11 12 13 14 15 16 17 18 | 18.4
Dodging        | 2 4 5 6 7 8 9 10 11 12 13 14 | 14.4
Stealth        | 2 4 5 6 7 8 9 10 11 12 13 | 13.1
Evocations     | 1 3 4 5 7 8 9 10 12 14 15 | 15.3
Invocations    | 4 6 8 9 10 11 | 11.3
Air Magic      | 2 4 5 6 |  6.2
Staves         | 4 7 8 11 12 | 12.0
Shields        | 3 4 |  4.0
Summonings     | 6 9 10 11 | 11.3
Translocations | 4 6 |  6.2
Ice Magic      | 5 |  5.7

Action                   |  1- 3 |  4- 6 |  7- 9 | 10-12 | 13-15 | 16-18 | 19-21 | 22-24 | 25-27 || total
-------------------------+-------+-------+-------+-------+-------+-------+-------+-------+-------++-------
Melee: Short sword       |     5 |       |       |       |       |       |       |       |       ||     5
       Dagger            |    21 |       |       |       |       |       |       |       |       ||    21
       Tailslap          |     1 |       |       |     2 |    21 |    11 |    49 |    10 |     3 ||    97
       Staff             |     3 |       |     5 |    25 |   138 |   117 |   465 |   117 |    35 ||   905
 Cast: Magic Dart        |    42 |    18 |     6 |    18 |   265 |   139 |   187 |    19 |    11 ||   705
       Searing Ray       |    12 |    14 |    65 |   126 |    88 |    18 |     1 |       |       ||   324
       Fulminant Prism   |       |     2 |    20 |    40 |    13 |       |       |       |       ||    75
       Summon Small Mamm |       |       |     2 |     2 |     1 |     2 |       |       |       ||     7
       Iskenderun's Myst |       |       |     1 |    57 |   121 |    91 |    71 |   107 |    79 ||   527
       Apportation       |       |       |       |     2 |       |     7 |     5 |     4 |       ||    18
       Freeze            |       |       |       |     8 |       |       |       |       |       ||     8
       Lightning Bolt    |       |       |       |     9 |   224 |    80 |   184 |    51 |     5 ||   553
       Iskenderun's Batt |       |       |       |       |    67 |    30 |    43 |    11 |     3 ||   154
       Orb of Destructio |       |       |       |       |    17 |   301 |   285 |   262 |    47 ||   912
       Passage of Golubr |       |       |       |       |       |     1 |     3 |       |       ||     4
       Summon Ice Beast  |       |       |       |       |       |     1 |       |       |       ||     1
       Freezing Cloud    |       |       |       |       |       |       |    32 |     6 |     3 ||    41
       Shadow Creatures  |       |       |       |       |       |       |     7 |       |       ||     7
       Swiftness         |       |       |       |       |       |       |     1 |       |       ||     1
       Blink             |       |       |       |       |       |       |       |     4 |       ||     4
       Manifold Assault  |       |       |       |       |       |       |       |    16 |       ||    16
       Summon Hydra      |       |       |       |       |       |       |       |     3 |       ||     3
       Spellforged Servi |       |       |       |       |       |       |       |       |     2 ||     2
       Shatter           |       |       |       |       |       |       |       |       |     1 ||     1
Invok: Channel Magic     |       |       |       |    10 |    12 |    13 |     4 |     8 |     3 ||    50
       Divine Exegesis   |       |       |       |       |       |       |       |       |     1 ||     1
 Abil: Breathe Frost     |       |       |     1 |     4 |    12 |     9 |     4 |     3 |       ||    33
Evoke: Wand              |       |       |       |       |     1 |     6 |     1 |       |     1 ||     9
       Lightning rod     |       |       |       |       |       |     4 |       |       |       ||     4
  Use: Scroll            |     2 |     3 |    16 |     9 |    11 |     5 |     8 |     7 |     2 ||    63
       Potion            |       |       |       |     2 |     6 |     4 |     4 |     2 |     5 ||    23
 Stab: Sleeping          |     1 |       |       |       |       |     1 |     4 |       |       ||     6
Armor: Skin              |     7 |     3 |    15 |   119 |   357 |   130 |   219 |    65 |    47 ||   962
Dodge: Dodged            |    28 |    12 |    36 |   201 |   665 |   387 |   509 |   234 |    54 ||  2126
Block: Buckler           |       |       |       |       |       |    73 |   148 |    48 |    19 ||   288
       Reflection        |       |       |       |       |       |       |       |     7 |       ||     7
